 Dungeon Crawl Stone Soup version 0.28.0-43-g3370ac3207 (webtiles) character file.

Game seed: 10749661596717681104

3708 sizableburger the Fighter (level 9, -4/76 HPs)
             Began as a Mummy Abyssal Knight on Mar 10, 2022.
             Was a Priest of Lugonu.
             Slain by an orc warrior
             ... wielding a +0 short sword
              (10 damage)
             ... on level 9 of the Dungeon.
             The game lasted 00:22:41 (13894 turns).

sizableburger the Fighter (Mummy Abyssal Knight)   Turns: 13894, Time: 00:22:41

Health: -4/76      AC: 12    Str: 20    XL:     9   Next: 91%
Magic:  11/11      EV:  7    Int: 10    God:    Lugonu [***...]
Gold:   378        SH:  0    Dex: 12    Spells: 8/8 levels left

rFire   x . .      SeeInvis .   f - +2 battleaxe (vamp)
rCold   + . .      Faith    .   (shield currently unavailable)
rNeg    + + +      Spirit   .   s - +0 chain mail
rPois   ∞          Reflect  .   p - +1 helmet
rElec   .          Harm     .   (no cloak)
rCorr   .          Rampage  .   o - +0 pair of gloves
Will    +....                   (no boots)
Stlth   ..........              (no amulet)
HPRegen 0.22/turn               (no ring)
MPRegen 0.12/turn               (no ring)

@: no status effects
A: cold resistance 1, negative energy resistance 3, torment resistance 2, heat
vulnerability 1, no potions
a: Renounce Religion, Depart the Abyss, Bend Space, Banish


You were on level 9 of the Dungeon.
You worshipped Lugonu.
Lugonu was most pleased with you.
You visited 1 branch of the dungeon, and saw 9 of its levels.
You visited the Abyss 1 time.

You collected 378 gold pieces.

Inventory:

Hand Weapons
 a - a +1 hand axe
 f - a +2 vampiric battleaxe (weapon)
 k - a +2 dagger of freezing
Armour
 g - a +0 tower shield
 j - a +0 scale mail
 o - a +0 pair of gloves (worn)
 p - a +1 helmet (worn)
 s - a +0 chain mail (worn)
Wands
 i - a wand of polymorph (4)
 r - a wand of flame (2)
Scrolls
 b - 3 scrolls of enchant weapon
 c - a scroll of acquirement
 d - 5 scrolls of teleportation
 h - 3 scrolls of torment
 n - a scroll of amnesia
 q - a scroll of immolation
 t - a scroll of fog
 u - 2 scrolls of summoning


   Skills:
 - Level 9.3 Fighting
 + Level 8.7 Axes
 - Level 3.0 Armour
 - Level 0.7 Dodging
 + Level 3.7 Invocations


You had 8 spell levels left.
You didn't know any spells.
Your spell library contained the following spells:

 Spells                   Type           Power      Damage    Failure   Level
 Foxfire                  Conj/Fire      0%         2x1d4     99%         1
 Blink                    Tloc           0%         N/A       99%         2
 Conjure Flame            Conj/Fire      0%         6-21      100%        3
 Inner Flame              Hex/Fire       0%         N/A       100%        3
 Lesser Beckoning         Tloc           0%         N/A       100%        3
 Ozocubu's Armour         Ice            0%         N/A       100%        3
 Flame Wave               Conj/Fire      0%         2d4       100%        4
 Manifold Assault         Tloc           0%         N/A       100%        5
 Metabolic Englaciation   Hex/Ice        0%         N/A       100%        5
 Simulacrum               Ice/Necr       0%         N/A       100%        6


Dungeon Overview and Level Annotations

Branches:
Dungeon (9/15)             Temple (0/1) D:7
   Lair: D:8-11         Orc: D:9-12

Altars:
Dithmenos
Elyvilon
Fedhas
Hepliaklqana
Kikubaaqudgha
Okawaru
Sif Muna
Xom
Yredelemnul

Annotations:
D:2 Sigmund


Innate Abilities, Weirdness & Mutations

You are immune to poison.
Your flesh is cold resistant. (rC+)
You are immune to negative energy. (rN+++)
You are immune to unholy pain and torment.
You are vulnerable to heat. (rF-)
You do not drink.


Message History

You completely miss the orc warrior.
The orc warrior hits you with a +0 short sword!
* * * LOW HITPOINT WARNING * * *
You hit the orc warrior but do no damage.
The orc warrior hits you but does no damage.
The orc warrior hits you with a +0 short sword!
* * * LOW HITPOINT WARNING * * *
You barely miss the orc warrior. The orc warrior barely misses you.
Okay, then.
Okay, then.
Press: ? - help, Shift-Dir - straight line, f - orc warrior
Aim: an orc warrior, wielding a +0 short sword, wearing a +0 chain mail and quivering boomerangs (chance to affect: 81%)
You fail to use your ability.
The orc warrior hits you but does no damage.
Press: ? - help, Shift-Dir - straight line, f/p - orc warrior
Aim: an orc warrior, wielding a +0 short sword, wearing a +0 chain mail and quivering boomerangs (chance to affect: 81%)
You fail to use your ability.
The orc warrior hits you with a +0 short sword!
* * * LOW HITPOINT WARNING * * *
Unknown command.
Press: ? - help, Shift-Dir - straight line, f/p - orc warrior
Aim: an orc warrior, wielding a +0 short sword, wearing a +0 chain mail and quivering boomerangs (chance to affect: 81%)
You fail to use your ability.
The orc warrior hits you but does no damage.
Unknown command.
Okay, then.
Okay, then.
Aiming: Polymorph
Press: ? - help, Shift-Dir - straight line, f/p - orc warrior
Aim: an orc warrior, wielding a +0 short sword, wearing a +0 chain mail and quivering boomerangs (will become a wolf, a jelly, or a warg, chance to affect: 49%)
Okay, then.
Press: ? - help, Shift-Dir - straight line, f/p - orc warrior
Aim: an orc warrior, wielding a +0 short sword, wearing a +0 chain mail and quivering boomerangs (chance to affect: 81%)
You fail to use your ability.
The orc warrior barely misses you.
Unknown command.
Press: ? - help, Shift-Dir - straight line, f/p - orc warrior
Aim: an orc warrior, wielding a +0 short sword, wearing a +0 chain mail and quivering boomerangs (chance to affect: 81%)
You fail to use your ability.
The orc warrior hits you with a +0 short sword!
You die...

#.........#...##
##...............
#................
#....)<..<.......
#....)####.....##
#####.# .....# #)#
..#+## #.####..#.#
######@..$.....##
#......o..........
..........#....... .
#.##.............. ..
#........./..## ##.
#.................
........####...#.#
..................##...
.#.............<.y.....


You could see an orc warrior.

Vanquished Creatures
  Joseph (D:7)
  A shadow (D:7)
  A yak (D:8)
  2 water moccasins
  An orc warrior (D:8)
  An ice beast (D:6)
  A necrophage (D:8)
  3 sky beasts
  2 black bears (D:7)
  3 centaurs
  3 bullfrogs (D:7)
  A phantom (D:5)
  Blork the orc (D:6)
  A scorpion (D:6)
  A wyvern skeleton (D:7)
  6 killer bees
  5 wights (D:7)
  A bullfrog zombie (D:7)
  2 hounds (D:5)
  3 orc priests
  3 centaur zombies (D:8)
  3 bullfrog skeletons (D:6)
  2 gnoll shamans
  3 jellies
  3 iguanas
  4 orc wizards
  Terence (D:2)
  Robin (D:3)
  9 gnolls
  2 howler monkey skeletons
  6 adders
  2 white imps (D:7)
  2 ufetubi
  A worm (D:4)
  5 dart slugs
  14 orcs
  6 bats
  6 endoplasms
  A giant cockroach (D:3)
  16 goblins
  12 hobgoblins
  4 jackals
  A quokka (D:2)
  5 ball pythons
  5 frilled lizards
  11 kobolds
  3 rats
171 creatures vanquished.

Vanquished Creatures (others)
  2 plants (D:3)
  4 toadstools (D:1)
6 creatures vanquished.

Grand Total: 177 creatures vanquished

Notes
Turn   | Place    | Note
-------+----------+-------------------------------------------
     0 | Abyss:1  | sizableburger the Mummy Abyssal Knight began the quest for
                  | the Orb.
     0 | Abyss:1  | Reached XP level 1. HP: 18/18 MP: 2/2
    12 | Abyss:1  | Found a corrupted altar of Lugonu.
    55 | Abyss:1  | Noticed a tentacled starspawn
    61 | D:1      | Escaped the Abyss
   472 | D:1      | Reached XP level 2. HP: 19/24 MP: 3/3
   689 | D:1      | Reached * piety under Lugonu
  1110 | D:2      | Found a faded altar of an unknown god.
  1371 | D:2      | Reached XP level 3. HP: 24/29 MP: 4/4
  1773 | D:2      | Noticed Terence
  1786 | D:2      | Killed Terence
  1787 | D:2      | Reached skill level 4 in Fighting
  1787 | D:2      | Reached XP level 4. HP: 21/37 MP: 5/5
  2142 | D:2      | Noticed Sigmund
  2149 | D:3      | Noticed Robin
  2555 | D:3      | Reached ** piety under Lugonu
  2933 | D:3      | Found an iron altar of Okawaru.
  2979 | D:3      | Killed Robin
  2980 | D:3      | Reached XP level 5. HP: 36/43 MP: 6/6
  3072 | D:3      | Found a blossoming altar of Fedhas.
  4417 | D:4      | Reached skill level 5 in Fighting
  4442 | D:5      | Entered Level 5 of the Dungeon
  4885 | D:4      | Reached XP level 6. HP: 16/51 MP: 7/7
  5465 | D:5      | Found a basalt altar of Yredelemnul.
  6559 | D:5      | Identified a scroll of acquirement
  6796 | D:6      | Found a shimmering altar of Xom.
  6828 | D:6      | Reached skill level 6 in Fighting
  6828 | D:6      | Reached XP level 7. HP: 51/58 MP: 8/8
  6880 | D:6      | Found a shimmering blue altar of Sif Muna.
  7277 | D:6      | Reached skill level 5 in Axes
  8496 | D:6      | Reached XP level 8. HP: 52/65 MP: 9/9
  9425 | D:6      | Found a faded altar of an unknown god.
  9426 | D:6      | Found a hazy altar of Hepliaklqana.
  9426 | D:6      | Noticed Blork the orc
  9602 | D:7      | Reached skill level 7 in Fighting
  9948 | D:7      | Noticed Joseph
  9969 | D:7      | Killed Joseph
  9979 | D:7      | Reached skill level 8 in Fighting
 10501 | D:7      | Reached *** piety under Lugonu
 10502 | D:7      | Reached XP level 9. HP: 53/74 MP: 10/10
 11252 | D:7      | Found a staircase to the Ecumenical Temple.
 11835 | D:7      | Reached skill level 9 in Fighting
 12323 | D:6      | Killed Blork the orc
 12407 | D:6      | Found an ancient bone altar of Kikubaaqudgha.
 12675 | D:8      | Found a shadowy altar of Dithmenos.
 13894 | D:9      | Slain by an orc warrior

Illustrated notes

Levels and vault maps discovered:
D:1:      ldierk_water_garden, layout_basic, minivault_24, chequers_garden,
          serial_park_tiny_1
D:2:      layout_rooms, hellmonk_ecumenical_altar_arch_garden,
          minmay_pentomino_w2, uniq_terence, uniq_sigmund
D:3:      layout_loops_ring, okawaru_gym_becter,
          mainiacjoe_overflow_catwalk_spiral, serial_forest,
          infiniplex_forest_clump_diagonal, infiniplex_forest_lined_4_way,
          infiniplex_forest_end_2, infiniplex_forest_corner_2,
          infiniplex_forest_lined_3, minivault_4, uniq_robin
D:4:      wad_pebble_path, layout_rooms
D:5:      layout_loops_cross, overflow_temple_1_default
D:6:      layout_loops_ring, mainiacjoe_overflow_alcove_1,
          beargit_hepliaklqana_dungeon_heroes, mainiacjoe_overflow_two_lobes,
          kennysheep_generic_room_3
D:7:      layout_basic, minmay_temple_entry_statues, columned_hall_lemuel,
          uniq_joseph
D:8:      layout_gridville, nicolae_dithmenos_through_a_glass_darkly,
          kennysheep_generic_room_6
D:9:      layout_basic

Skill      XL: |  1  2  3  4  5  6  7  8  9 |
---------------+----------------------------+-----
Axes           | 2 3 4 5 7 8 |  8.7
Fighting       | 4 5 6 8 9 |  9.3
Armour         | 2 3 |  3.0
Invocations    | 3 |  3.7
Dodging        | |  0.7

Action                   |  1- 3 |  4- 6 |  7- 9 || total
-------------------------+-------+-------+-------++-------
Melee: Hand axe          |   102 |   299 |   309 ||   710
       Punch             |       |     2 |     6 ||     8
       Battleaxe         |       |       |    85 ||    85
Invok: Depart the Abyss  |     1 |       |       ||     1
       Bend Space        |       |     1 |     1 ||     2
Evoke: Wand              |       |     3 |    13 ||    16
  Use: Scroll            |       |     5 |     8 ||    13
Armor: Leather armour    |    26 |       |       ||    26
       Scale mail        |       |   126 |   146 ||   272
       Chain mail        |       |       |    62 ||    62
Dodge: Dodged            |    69 |   148 |   174 ||   391
